Cogmind - Beta 16 @@@ ROGUE MODE // 2025.12.16 @ 19:08:43 Player: Amberulez Result: Destroyed by 9B-81N(R) with Subdweller Machine Gun Performance ------------- Evolutions (0) 0 Regions Visited (3) 600 Robots Destroyed (28) 140 Value Destroyed (655) 655 Prototype IDs (3) 60 Alien Tech Used (0) 0 Bonus (0) 0 TOTAL SCORE: 1455 Bonus ------- None Cogmind --------- Core Integrity 0/250 Matter 221/300 Energy 160/160 System Corruption 0% Temperature Cool (0) Movement Treading (160) Location -10/Subcaves Parts ------- > --- POWER (1) -------- Light Nuclear Core > --- PROPULSION (2) --- Improved Treads Improved Treads > --- UTILITY (2) ------ Medium Storage Unit Visual Processing Unit > --- WEAPON (2) ------- Subdweller Beam Cannon Grenade Launcher > --- INVENTORY (10) --- Light Ion Engine Light Ion Engine Light Treads Light Treads Medium Matter Pod (0) Light Assault Rifle Light Assault Rifle Light Assault Rifle Scrap Shield Fragment (43) Scrap Shield Fragment (38) Peak State ------------ > --- POWER ------------ Light Nuclear Core > --- PROPULSION ------- Improved Treads Improved Treads > --- UTILITY ---------- Medium Storage Unit Visual Processing Unit > --- WEAPON ----------- Subdweller Beam Cannon Grenade Launcher > --- INVENTORY -------- Light Ion Engine Light Treads Light Treads Medium Matter Pod Light Assault Rifle Light Assault Rifle Light Assault Rifle Scrap Shield Fragment Scrap Shield Fragment [Rating: 14] Favorites ----------- Power Ion Engine Engine Ion Engine Power Core Light Nuclear Core Propulsion Improved Treads Treads Improved Treads Utility Visual Processing Unit Storage Medium Storage Unit Processor Visual Processing Unit Weapon Light Assault Rifle Energy Gun Small Laser Energy Cannon Subdweller Beam Cannon Ballistic Gun Light Assault Rifle Launcher Grenade Launcher Build | -11 -10 -10 -10 ------- Run | Yrd Mat Min Sub Slots Evolved . | . . . . Power . | . . . . Propulsion . | . . . . Utility . | . . . . Weapon . | . . . . Parts Attached 19 | 7 5 1 6 Power 3 | 2 . . 1 Engine 2 | 2 . . . Core 1 | . . . 1 Reactor . | . . . . Propulsion 6 | 2 2 . 2 Treads 6 | 2 2 . 2 Leg . | . . . . Wheel . | . . . . Hover . | . . . . Flight . | . . . . Utility 3 | 1 2 . . Device . | . . . . Storage 2 | 1 1 . . Processor 1 | . 1 . . Hackware . | . . . . Protection . | . . . . Artifact . | . . . . Weapon 7 | 2 1 1 3 Energy Gun 1 | 1 . . . Energy Cannon 1 | . . . 1 Ballistic Gun 3 | 1 1 . 1 Ballistic Cannon . | . . . . Launcher 2 | . . 1 1 Special Weapon . | . . . . Impact Weapon . | . . . . Slashing Weapon . | . . . . Piercing Weapon . | . . . . Special Melee Weapon . | . . . . Unidentified Prototypes . | . . . . Parts Lost 4 | . . 1 3 Power 1 | . . 1 . Propulsion 2 | . . . 2 Utility . | . . . . Weapon 1 | . . . 1 Highest Loss Streak 3 | . . 1 3 To Critical Strikes . | . . . . Average Backups 8 | 3 7 9 7 Power 1 | . 1 1 1 Propulsion 3 | 2 3 4 2 Utility 1 | . 1 1 . Weapon 2 | . 1 3 2 Tool/Special . | . . . . Unused Backups 10 | . 8 . 2 Power 1 | . . . 1 Propulsion 5 | . 5 . . Utility 3 | . 2 . 1 Weapon 1 | . 1 . . Tool/Special . | . . . . Average Slot Usage (%) 99 | . 97 99 99 Engine 11 | . 14 13 1 Core 2 | . . . 12 Treads 27 | . 28 28 27 Storage 14 | . 14 14 14 Processor 13 | . 11 14 14 Energy Cannon 1 | . . . 9 Ballistic Gun 20 | . 22 25 4 Launcher 4 | . . 2 13 Peak Build Rating 14 | 6 11 11 14 Average Rating 11 | 4 9 10 13 On Entrance 7 | . 6 11 11 Avg Prop Armor Cover (%) . | . . . . Naked Turns . | . . . . Heaviest Build 26 | 12 17 17 26 Greatest Support 46 | 40 46 46 46 Greatest Overweight (x) . | . . . . Average Overweight (x) . | . . . . Largest Inventory Capacity 10 | 8 10 10 10 Average Capacity 9 | 6 8 10 10 Most Carried 10 | 6 9 9 10 Average Carried 8 | 3 7 8 9 Final Capacity 10 | 8 10 10 10 Final Carried 10 | 6 9 9 10 Class Distribution -------------------- 82% | Mutant 17% | Scavenger-Mutant Dominant Class ---------------- Mutant | -10/Materials Mutant | -10/Mines Scavenger-Mutant | -10/Subcaves Resources | -11 -10 -10 -10 ----------- Run | Yrd Mat Min Sub Matter Collected 747 | 178 267 58 244 Remotely . | . . . . Salvage Created 695 | . 161 311 223 Parts 44 | . 11 22 11 Haulers Intercepted 2 | . 2 . . Recyclers Shooed 1 | . 1 . . Parts Field Recycled . | . . . . Retrieved Matter . | . . . . Parts Self-Destructed 6 | . . . 6 Prevented . | . . . . Parts Restored . | . . . . Kills | -11 -10 -10 -10 ------- Run | Yrd Mat Min Sub Combat Hostiles Destroyed 25 | . 4 10 11 Guns 11 | . 4 7 . AOE 14 | . . 3 11 Classes Destroyed 7 | . 2 3 2 Tunneler 2 | . . 2 . Hauler 2 | . 2 . . Swarmer 10 | . 4 3 3 Grunt 6 | . . 6 . Artisan 1 | . . . 1 Subdweller 8 | . . . 8 Assembled 1 | . . 1 . Best Kill Streak 4 | . 2 4 4 Combat Bots Only 4 | . 2 4 4 Max Kills in Single Turn 4 | . 1 3 4 Gunslinging . | . . . . Exploded 3 | . . 2 3 Melee . | . . . . Uniques/NPCs Destroyed . | . . . . Combat | -11 -10 -10 -10 -------- Run | Yrd Mat Min Sub Hostile Shots Fired 118 | . 29 47 42 Missed 29 | . 5 11 13 Hits 89 | . 24 36 29 Projectile 89 | . 24 36 29 Critical Strikes 1 | . 1 . . Damage Taken 1284 | . 220 465 599 Core 271 | . 37 80 154 Absorbed by Shields . | . . . . Core Remaining (%) 100 | 100 . . . Volleys Fired 83 | . 24 36 23 Largest 2 | . 2 2 2 Hottest 110 | . 60 50 110 Shots Fired 141 | . 48 50 43 Gun 116 | . 48 48 20 Cannon 3 | . . . 3 Launcher 22 | . . 2 20 Special . | . . . . Kinetic 98 | . 30 48 20 Thermal 21 | . 18 . 3 Explosive 22 | . . 2 20 Electromagnetic . | . . . . Robot Hit Streak 20 | . 7 11 20 Robot Miss Streak 5 | . 5 4 1 Penetration Max . | . . . . Secondary Targets 1 | . 1 . . Max Gunslinging Chain 1 | . 1 . . Shots Hit Robots 86 | . 23 36 27 Core Hits 53 | . 10 21 22 Critical Kills . | . . . . Critical Parts Destroyed . | . . . . Critical Strikes . | . . . . Melee Attacks . | . . . . Impact . | . . . . Slashing . | . . . . Piercing . | . . . . Sneak Attacks . | . . . . Combat Hostiles . | . . . . Follow-up Attacks . | . . . . Damage Inflicted 1977 | . 237 445 1295 Guns 638 | . 229 292 117 Cannons . | . . . . Explosions 1322 | . . 144 1178 Melee . | . . . . Ramming 17 | . 8 9 . Kinetic 530 | . 121 292 117 Thermal 108 | . 108 . . Explosive 1322 | . . 144 1178 Electromagnetic . | . . . . Impact . | . . . . Slashing . | . . . . Piercing . | . . . . Highest Corruption . | . . . . Average Corruption . | . . . . Corruption Purged . | . . . . Corruption Blocked . | . . . . Overload Shots . | . . . . Overflow Damage . | . . . . Projectiles . | . . . . Explosions . | . . . . Melee . | . . . . Knockbacks 1 | . . 1 . Impact 1 | . . 1 . Kinetic . | . . . . Secondary . | . . . . Self-Inflicted Damage 52 | . . 13 39 Shots 4 | . . 1 3 Rammed 3 | . 1 2 . Targets Rammed 4 | . 1 3 . Kicked . | . . . . Crushed 1 | . . 1 . Highest Temperature 60 | . 60 25 . Average Temperature 18 | . 23 9 . Received Heat Transfer 327 | . 24 180 123 Siege Activations . | . . . . Martial Activations . | . . . . Shielding Activations . | . . . . Robots Disrupted . | . . . . Combat Hostiles . | . . . . Robots Corrupted . | . . . . Combat Hostiles . | . . . . Parts Fried . | . . . . Impact Corruptions . | . . . . Robots Melted . | . . . . Combat Hostiles . | . . . . Parts Melted 1 | . 1 . . Heat Transferred 250 | . 250 . . Parts Sabotaged . | . . . . Parts Stolen . | . . . . Parts Stripped . | . . . . Power Chain Reactions . | . . . . Alert | -11 -10 -10 -10 ------- Run | Yrd Mat Min Sub Maximum Alert Level . | . . . . Low Security (%) 100 | 100 100 100 . Level 1 . | . . . . Level 2 . | . . . . Level 3 . | . . . . Level 4 . | . . . . Level 5 . | . . . . High Security . | . . . . Max Security . | . . . . Peak Influence 135 | . 40 135 . Initial . | . . . . Average 15 | . 5 18 . Influence Increases 408 | . 110 228 70 Destroy 0b10 Robot/C 320 | . 80 180 60 Destroy 0b10 Robot/NC 20 | . 10 10 . Destroy Leader 44 | . 14 20 10 Successful Hack 6 | . 6 . . Destroy Structure 18 | . . 18 . Influence Decreases 350 | . 110 102 138 Entered New Map 66 | . . . 66 Time Decay 244 | . 110 92 42 Lost Part 40 | . . 10 30 Squads Dispatched 1 | . 1 . . Investigation . | . . . . Extermination . | . . . . Reinforcement 1 | . 1 . . Assault . | . . . . Garrison . | . . . . Intercept . | . . . . Searches Triggered . | . . . . Construction Impeded . | . . . . Haulers Reinforced . | . . . . Active Scanning Responses . | . . . . Cargo Convoy Interrupts . | . . . . Stealth | -11 -10 -10 -10 --------- Run | Yrd Mat Min Sub Distress Signals 2 | . 2 . . Communications Jammed . | . . . . Distress Signals . | . . . . Times Spotted 36 | . 14 10 12 Peak Tracking Total 4 | . 4 4 4 Tactical Retreats . | . . . . Traps | -11 -10 -10 -10 ------- Run | Yrd Mat Min Sub Traps Triggered . | . . . . Indirectly . | . . . . Trap Hack Attempts . | . . . . Triggered . | . . . . Disarmed . | . . . . Reprogrammed . | . . . . Reused . | . . . . Traps Extracted . | . . . . Installed . | . . . . Triggered . | . . . . Machines | -11 -10 -10 -10 ---------- Run | Yrd Mat Min Sub Machines Disabled . | . . . . Max in Single Turn . | . . . . Machines Repaired . | . . . . Machines Dismantled . | . . . . Machines Sabotaged . | . . . . Overloaded Fab Kills . | . . . . Hacking | -11 -10 -10 -10 --------- Run | Yrd Mat Min Sub Machines Accessed 6 | . 6 . . Terminals 5 | . 5 . . Fabricators . | . . . . Repair Stations . | . . . . Recycling Units 1 | . 1 . . Scanalyzers . | . . . . Garrison Access . | . . . . Total Hacks 13 | . 13 . . Successful 6 | . 6 . . Failed 7 | . 7 . . Catastrophic 2 | . 2 . . Database Lockouts . | . . . . Manual 5 | . 5 . . Terminals 12 | . 12 . . Fabricators . | . . . . Repair Stations . | . . . . Recycling Units 1 | . 1 . . Scanalyzers . | . . . . Garrison Access . | . . . . Terminal Hacks 5 | . 5 . . Robot Analysis 2 | . 2 . . Prototype ID Bank 2 | . 2 . . Locate Traps 1 | . 1 . . Fabricator Hacks . | . . . . Repair Station Hacks . | . . . . Recycling Unit Hacks 1 | . 1 . . Report Inventory 1 | . 1 . . Scanalyzer . | . . . . Garrison Access Hacks . | . . . . Unauthorized Hacks . | . . . . Terminals . | . . . . Fabricators . | . . . . Repair Stations . | . . . . Recycling Units . | . . . . Scanalyzers . | . . . . Garrison Access . | . . . . Data Cores Recovered . | . . . . Used . | . . . . Hacking Detections 5 | . 5 . . Full Trace Events 1 | . 1 . . Feedback Events . | . . . . Feedback Blocked . | . . . . Robot Schematics Acquired . | . . . . Robots Built . | . . . . Authchips . | . . . . Time . | . . . . Total Robot Build Rating . | . . . . Part Schematics Acquired . | . . . . Parts Built . | . . . . Authchips . | . . . . Time . | . . . . Total Part Build Rating . | . . . . Part Studies Acquired . | . . . . Parts Repaired . | . . . . Time . | . . . . Parts Recycled . | . . . . Recycled Matter . | . . . . Retrieved Matter . | . . . . Retrieved Components . | . . . . Parts Scanalyzed . | . . . . Part Schematics Acquired . | . . . . Parts Damaged . | . . . . Bothacking | -11 -10 -10 -10 ------------ Run | Yrd Mat Min Sub Used RIF Installer . | . . . . Robots Hacked . | . . . . Non-combat . | . . . . Combat . | . . . . Robot Hacks Applied . | . . . . Relay Couplers Released . | . . . . Fabnet Peak Effective % . | . . . . Robots Rewired . | . . . . Allies Hacked . | . . . . Hacks Repelled . | . . . . Allies | -11 -10 -10 -10 -------- Run | Yrd Mat Min Sub Total Allies . | . . . . Largest Group . | . . . . Highest-Rated Group . | . . . . Highest-Rated Ally . | . . . . Total Orders . | . . . . Ally Attacks . | . . . . Total Damage . | . . . . Kills . | . . . . Allies Corrupted . | . . . . Allies Melted . | . . . . Intel | -11 -10 -10 -10 ------- Run | Yrd Mat Min Sub Active Infowar (turns) 4246 | . 668 2752 826 Optics 4246 | . 668 2752 826 Robot Analysis Total 2 | . 2 . . Derelict Logs Recovered 1 | . . 1 . Drone Launches . | . . . . Drone Recoveries . | . . . . Exploration | -11 -10 -10 -10 ------------- Run | Yrd Mat Min Sub Turns Passed 4496 | 116 802 2752 826 Spaces Moved 1969 | 73 445 986 465 Core 15 | 15 . . . Treads 1954 | 58 445 986 465 Legs . | . . . . Wheels . | . . . . Hover . | . . . . Flight . | . . . . Fastest Speed 50 | 50 160 160 160 Average Speed 159 | 137 160 160 160 Slowest Speed 160 | 160 160 160 160 Overloaded Moves . | . . . . Propulsion Burnouts . | . . . . Robots Hopped . | . . . . Potential Cave-ins . | . . . . Cave-ins Triggered . | . . . . Exploration Rate (%) 43 | 4 57 100 12 Regions Visited 3 Branch Regions 2 Pre-discovered Areas 1 | . . 1 . Known Exits Taken . | . . . . Unknown Exits Taken 3 | 1 1 1 . Scrap Searched 1 | . . 1 . Spaces Dug . | . . . . Terrain Destroyed 97 | . . 18 79 Melee . | . . . . Projectile . | . . . . AOE 97 | . . 18 79 Terrain Rammed . | . . . . Walls Destroyed . | . . . . Machines Disabled . | . . . . Actions | -11 -10 -10 -10 --------- Run | Yrd Mat Min Sub Total 3211 | 86 500 2118 507 Wait 1092 | . . 1091 1 Move 1966 | 72 444 985 465 Hop . | . . . . Pick Up 26 | 7 12 1 6 Fast Attach 6 | 4 2 . . Attach 6 | 2 . 1 3 Detach 1 | . 1 . . Swap 12 | 1 3 1 7 Drop 15 | . 13 . 2 Fire 83 | . 24 36 23 Melee . | . . . . Ram . | . . . . Kick . | . . . . Crush 4 | . 1 3 . Escape Stasis . | . . . . Rewire . | . . . . Trap . | . . . . Miscellaneous . | . . . . Route ------- -11/Scrapyard -10/Materials (discovered 2 exits: [*Mat] / [*Min]) -10/Mines (discovered 4 exits: [*Mat x2] / [*Exi] / [*Sub]) -10/Subcaves History --------- Turn | Location | Event 17 | -11/Scrapyard | Discovered new exit (range 15) 117 | -11/Scrapyard | Entered Materials 118 | -10/Materials | Met a group of wandering Federalists 280 | -10/Materials | Discovered new exit (range 17) 312 | -10/Materials | Build established: Mutant 875 | -10/Materials | Discovered new exit (range 12) 919 | -10/Materials | Entered Mines 934 | -10/Mines | Met a Derelict bent on vengeance 2336 | -10/Mines | Deemed a non-threat by the Exiles lab entrance 2336 | -10/Mines | Discovered new exit (range 8) 2337 | -10/Mines | Discovered new exit (range 5) 2430 | -10/Mines | Discovered new exit (range 9) 2689 | -10/Mines | Found a hidden stash of uninstalled traps 2701 | -10/Mines | Discovered new exit (range 13) 2921 | -10/Mines | Learned location of Storage (-9) 2987 | -10/Mines | Learned Materials emergency access door positions 3438 | -10/Mines | Excavation squad dispatched 3438 | -10/Mines | A large section of the Mines collapsed 3671 | -10/Mines | Entered Subcaves 3717 | -10/Subcaves | Core integrity fell below 50% 3759 | -10/Subcaves | Lost 3 parts (2n1w) 3828 | -10/Subcaves | Core integrity fell below 20% 4018 | -10/Subcaves | Build established: Scavenger-Mutant 4477 | -10/Subcaves | Ambushed by angry Subdweller bent on revenge 4497 | -10/Subcaves | Destroyed by 9B-81N(R) with Subdweller Machine Gun Last Messages --------------- 04063_ Subatomizers dissect the Sub. Power Source. 04073_ Acquired 39 matter. 04088_ The unstable cave ceiling collapses. 04140_ Acquired Lgt. Ion Engine. 04141_ Acquired 14 matter. 04143_ Acquired 41 matter. 04210_ Dropped Scrap Shield Fragment. 04210_ Acquired Scrap Shield Fragment. 04227_ ST-1ZW(u) tweaks Twisted Machinery. 04463_ S-10 Pest destroyed. 04463_ ST-1ZW(u) cries out in pain. 04463_ ST-1ZW(u) destroyed. 04463_ S-10 Pest destroyed. 04468_ Subatomizers dissect the Wheel. 04470_ Lgt. Assault Rifle fries itself beyond repair. 04477_ 9B-81N(R) angrily emerges from the Twisted Machinery. 04477_ 9B-81N(R): "LEAVESUB!" Map ----- +----------------------------------------------------+ | ?????????????????????????????????????????????????? | | ?????????????????????????????????????????????????? | | ?????????????????????????????????????????????????? | | ?????????????????????????????????????????????????? | | ?????????????????????????????????????????????????? | | ?????????????????????????????????????????????????? | | ?????????????????????????????????????????????????? | | ?????????????????????????????????????????????????? | | ?????????????????????????????????????????????????? | | ?????????????????????????????????????????????????? | | ?????????????????????????????????????????????????? | | ?????????????????????????????????????????????????? | | ??????##?????# ????#???# ????????????????????????? | | ??????# ???## ?? ### ????????????????????????? | | ??????# #### ?????????????????????????? | | ??????? # # ?????????????????????????? | | ??????? " #?????????????????????????? | | ????????? "" ##???????#????????????????? | | ?????????? " "" ###???? ##???????????????? | | ?????? ??## """ "" ##?? #???????????????? | | ?????? # """"" " #?# #???????????????? | | ?????? """ " ## #???????????????? | | ?????????# " "" #????????????????? | | ?????????# "" #????????????????? | | ?????????# " #?????????????????????? | | ???# ###### R @#??????????????????????? | | ???# """"""" ####???????????????????? | | ??## %=% """ "## ##??????????????????? | | ??# """ ## #??????????????????? | | ??###### # """ ## ###?????????????????? | | ???????####### #####"""" ##?????????????????? | | ?????####????# #??#" #??????????????????? | | ????## ##???# #??#" ##?????????????????? | | ???## #####" ##?#" # #?????????????????? | | ???# ## #"" ""#?# # # #?????????????????? | | ??## """" ""#?## ## ##????????????????? | | ??# """ "##?##?# #????????????????? | | ??# " " "#????# #????????????????? | | ??# " ###????# ##????????????????? | | ??# ## " #####??## ##?????????????????? | | ??# """## ###### ##?????????????????? | | ??# # " " ## ## # #?????????????????? | | ??## # " #### ##????????????????? | | ???# &# ##"# #????????????????? | | ???# & & ""## # ##????????????????? | | ???## ! ###?????????????????? | | ???## ## # ### ####?????????????????? | | ???# # ###### ####?# ## #?????????????????? | | ???## # #????###????# ### #?????????????????? | | ???##& ## ##???????????###?? #?????????????????? | +----------------------------------------------------+ Best States ------------- Heat Dissipation 25 Energy Generation 14 Energy Capacity 250 Matter Stores 300 Matter Capacity 300 Sight Range 18 Terrain Scan Density 10 Evasion (%) 50 Recoil Reduction 2 Item Schematics ----------------- None Robot Schematics ------------------ None Fabricated ------------ Nothing Repaired ---------- Nothing Studied --------- None Alien Tech Used ----------------- None Achievements -------------- None Challenges ------------ None Game ------ Seed StealthAntimatterPropulsion Manual? 0 Play Time 00:25:38 Cumulative 67.5 hours Start 2025.12.16 @ 18:33:28 End 2025.12.16 @ 19:08:43 Sessions 1 Manual Loads 0 Difficulty Rogue Special Mode None Game No. 80 Rogue 80 Adventurer 0 Explorer 0 Win Type - Total 1 Types 1/0/0/0/0/0/0/0/0/0 Lore% 31 Gallery% 36 Achievement% 23 Wizard Run 0 Options --------- Layout 2 ASCII 0 Keyboard 1 Movement Arrows Keybinds 0 Fullscreen 1 Font 24/Proggy Map View 50x44 Zoom Use 0% Tactical HUD 1 Map Filters NONE Filters NONE Steam 1 RUN: 086c63ac-19b1-4335-8343-fe68712cd23f